 Dungeon Crawl Stone Soup version 0.31.0-32-g396128a36d (webtiles) character file.

Game seed: 1990652109760941426

3373 H0rd4k the Martial Artist (level 10, -5/63 HPs)
             Began as an Octopode Artificer on Mar 22, 2024.
             Was an Initiate of Gozag.
             Slain by an orc
             ... wielding a +0 whip
              (6 damage)
             ... on level 9 of the Dungeon on Mar 25, 2024.
             The game lasted 00:09:31 (8144 turns).

H0rd4k the Martial Artist (Octopode Artificer)      Turns: 8144, Time: 00:09:31

Health: -5/63      AC:  1    Str: 12    XL:     10   Next: 3%
Magic:  0/10       EV: 13    Int: 18    God:    Gozag
Gold:   478        SH:  0    Dex: 12    Spells: 9/9 levels left

rFire   + .          .
                       - Unarmed
rCold   . . .        (no shield)
rNeg    . . .        (helmet restricted)
rPois   .            y - amulet of guardian spirit
rElec   .            h - ring of wizardry
rCorr   .            j - ring of fire
SInv    +            m - ring of wizardry
Will    .....        n - ring of protection from cold
Stlth   +++          C - ring of see invisible
HPRegen 0.30/turn    (no ring)
MPRegen 0.12/turn    (no ring)
                     (no ring)

%: guardian spirit, wizardry (x2)
@: gold aura
A: almost no armour, amphibious, 8 rings, camouflage 1, gelatinous body 1,
(nimble swimmer 1), tentacles
a: Renounce Religion, Potion Petition, Call Merchant, Bribe Branch


You were on level 9 of the Dungeon.
You worshipped Gozag.
Gozag was aware of your devotion.
You visited 2 branches of the dungeon, and saw 12 of its levels.
You also visited: Sewer.

You collected 577 gold pieces.
You paid 99 gold pieces to Gozag.

Inventory:

Hand Weapons
 L - the +3 hand axe of Teurphobb {protect, SInv}
   (You found it on level 11 of the Dungeon)

   SInv:      It lets you see invisible.
Missiles
 t - 3 curare-tipped darts
 u - 12 poisoned darts
Magical Staves
 p - a staff of death
Jewellery
 h - a ring of wizardry (left tentacle)
 j - a ring of fire (right tentacle)
 m - a ring of wizardry (on tentacle)
 n - a ring of protection from cold (on tentacle)
 w - an amulet of the acrobat
 y - an amulet of guardian spirit (around mantle)
 C - a ring of see invisible (on tentacle)
 I - a ring of resist corrosion
Talismans
 M - a serpent talisman
Wands
 b - a wand of flame (2) (quivered)
 c - a wand of charming (12)
 d - a wand of iceblast (2)
 r - a wand of mindburst (8)
Scrolls
 a - 2 scrolls of identify
 e - 2 scrolls of noise
 k - 2 scrolls of blinking
 o - a scroll of teleportation
 q - a scroll of vulnerability
 s - 3 scrolls of fear
 x - 2 scrolls of fog
 A - a scroll of amnesia
 F - 2 scrolls of immolation
 H - a scroll of silence
Potions
 f - 3 potions of brilliance {unknown}
 g - a potion of lignification {unknown}
 i - a potion of curing {unknown}
 l - 4 potions of heal wounds {unknown}
 v - a potion of magic {unknown}
 z - a potion of ambrosia {unknown}
 B - 3 potions of attraction {unknown}
 D - 2 potions of mutation {unknown}
 E - a potion of haste {unknown}
 G - a potion of enlightenment {unknown}
 J - a potion of cancellation {unknown}
 K - a potion of degeneration {unknown}


   Skills:
 + Level 3.9 Fighting
 - Level 2.3 Dodging
 - Level 1.3 Stealth
 + Level 13.1 Unarmed Combat
 - Level 3.2 Evocations


You had 9 spell levels left.
You didn't know any spells.
Your spell library contained the following spells:

 Spells                   Type           Power      Damage    Failure   Level
 Summon Ice Beast         Ice/Summ       0%         N/A       17%         3
 Summon Mana Viper        Hex/Summ       0%         N/A       80%         5
 Monstrous Menagerie      Summ           0%         N/A       100%        7


Dungeon Overview and Level Annotations

Branches:
Dungeon (11/15)            Temple (1/1) D:4           Sewer (visited)
   Lair: D:8-11         Orc: D:9-12

Altars:
Ashenzari
Cheibriados
Dithmenos
Elyvilon
Fedhas
Gozag
Hepliaklqana
Kikubaaqudgha
Makhleb
Nemelex Xobeh
Okawaru
Qazlal
Ru
Sif Muna
Trog
Uskayaw
Vehumet
Wu Jian
Xom
Yredelemnul
Zin
The Shining One

Shops:
D:3 :   D:5 !

Portals:
Abyss: D:6

Annotations:
D:3 2 runed translucent doors, exclusion: door, H0rd4k's ghost, novice OpAr
D:4 4 runed translucent doors, exclusion: 4 doors, Crazy Yiuf; Xaerxx's ghost, amateur DrMo
D:6 2 transporters, exclusion: downstairs, riffraff's ghost, novice MiBe
D:9 exclusion: downstairs
D:10 Joseph


Innate Abilities, Weirdness & Mutations

You cannot wear most types of armour.
You are amphibious.
You can wear up to eight rings at the same time.
Your skin changes colour to match your surroundings (Stealth+).
Your rubbery body absorbs attacks. (AC +1, EV +1)
((You are camouflaged when in or above water. (Stealth+)))
You have tentacles for arms and can constrict up to eight enemies at once.


Message History

Found a long sword.
The howler monkey is no longer distracted by gold.
An orc warrior comes into view. It is wielding a +0 short sword.
An orc comes into view. It is wielding a +0 mace.
The howler monkey hoots and howls with incredible vigour!
The orc shouts!
You hear an angry hiss.
You hear a shout! x2
You hear a bellow!
You hear a shout!
An orc comes into view. It is wielding a +0 whip.
A centaur comes into view. It is wielding a +0 mace.
You bludgeon the howler monkey! You grab the howler monkey.
The howler monkey is severely wounded.
You constrict the howler monkey. The howler monkey hits you.
You bludgeon the howler monkey!
You kill the howler monkey!
The orc hits you with a +0 mace.
The centaur unwields a +0 mace.
The centaur wields a +0 shortbow.
The centaur shoots an arrow.
The arrow barely misses you.
Aiming: Charm
Press: ? - help, Shift-Dir - straight line, f - centaur
Aim: a centaur, wielding a +0 shortbow (chance to affect: 57%)
The centaur resists with significant effort.
The orc misses you.
Unknown command.
Aiming: Charm
Press: ? - help, Shift-Dir - straight line, f/p - centaur
Aim: a centaur, wielding a +0 shortbow (chance to affect: 57%)
The centaur resists with significant effort.
The centaur shoots an arrow.
The arrow hits you!
* * * LOW HITPOINT WARNING * * *
The orc hits you with a +0 mace.
* * * LOW HITPOINT WARNING * * *
The centaur shoots an arrow.
The arrow hits you!
* * * LOW HITPOINT WARNING * * *
Unknown command.
Aiming: Charm
Press: ? - help, Shift-Dir - straight line, f/p - centaur
Aim: a centaur, wielding a +0 shortbow (chance to affect: 57%)
The centaur is charmed.
The orc hits you with a +0 whip.
You die...
Your body crumbles into a pile of gold.

##.# ##..## #.#
.#.. # #.
#...####.#
#...#
#.#...##.##...#
#.##.......)..#
#.##........#
#.$$$.$.....#
#.##.....c..#
#####..##$###
#..###@# #.##
#oo# #...# ##o#
#$.#.k .#
#.###.# k. #.
.# #.. . .. #.
# ## ..


You could see an orc warrior, a wyvern, 2 orcs and a friendly centaur (charmed).

Vanquished Creatures
  Pikel (D:6)
  Eustachio (D:4)
  A wyvern (D:7)
  A vampire mosquito (D:9)
  A steam dragon (D:6)
  A water moccasin (D:7)
  2 ice beasts
  2 ogres
  A kobold brigand (D:6)
  3 bullfrogs
  2 gnoll sergeants (D:7)
  4 scorpions
  3 wights (D:7)
  A howler monkey (D:9)
  A bombardier beetle (D:2)
  A jelly (D:6)
  2 orc priests
  3 hounds
  Jessica (D:2)
  4 iguanas
  7 orc wizards
  Natasha (D:2)
  Robin (D:3)
  4 gnolls
  6 adders
  4 shadow imps
  2 white imps
  An ufetubus (D:7)
  17 dart slugs
  A ribbon worm (D:4)
  18 orcs
  13 ball pythons
  16 endoplasms
  8 giant cockroaches
  13 goblins
  5 hobgoblins
  4 jackals (D:2)
  3 quokkas
  6 bats
  17 frilled lizards
  8 kobolds
  6 rats
197 creatures vanquished.

Vanquished Creatures (collateral kills)
  An orc warrior (D:9)
  2 orc wizards (D:9)
  2 gnolls (D:9)
  2 orcs (D:9)
7 creatures vanquished.

Vanquished Creatures (others)
  A vampire mosquito (D:9)
  A wight (D:7)
2 creatures vanquished.

Grand Total: 206 creatures vanquished

Notes
Turn   | Place    | Note
-------+----------+-------------------------------------------
     0 | D:1      | H0rd4k the Octopode Artificer began the quest for the Orb.
     0 | D:1      | Reached XP level 1. HP: 13/13 MP: 1/1
    48 | D:1      | Reached skill level 1 in Unarmed Combat
   170 | D:1      | Reached XP level 2. HP: 6/18 MP: 2/2
   490 | D:1      | Reached skill level 2 in Unarmed Combat
   490 | D:1      | Reached XP level 3. HP: 10/23 MP: 3/3
  1227 | D:2      | Noticed Jessica
  1235 | D:2      | Killed Jessica
  1236 | D:2      | Reached skill level 3 in Unarmed Combat
  1236 | D:2      | Reached XP level 4. HP: 29/29 MP: 4/4
  1297 | D:2      | Identified the +0 spear of Kifejul {flame, rC+ rN+}
  1553 | D:2      | Noticed Natasha
  1583 | D:2      | Identified the +0 pair of gloves of the Sea {MP+9 Str+3
                  | SInv}
  1608 | D:2      | Killed Natasha
  1747 | D:2      | Reached skill level 4 in Unarmed Combat
  1747 | D:2      | Reached XP level 5. HP: 29/34 MP: 5/5
  1927 | D:2      | Found a basalt altar of Yredelemnul.
  2159 | D:3      | Found Lueck's Book Shop.
  2447 | D:3      | Found a basalt altar of Yredelemnul.
  2529 | D:3      | Reached skill level 5 in Unarmed Combat
  2546 | D:3      | Reached XP level 6. HP: 41/41 MP: 6/6
  2604 | D:3      | Found a runed translucent door.
  2643 | D:3      | Noticed H0rd4k's ghost (novice OpAr)
  2714 | D:3      | Noticed Robin
  2721 | D:3      | Killed Robin
  3041 | D:3      | Found a burning altar of Makhleb.
  3041 | D:3      | Found a glowing silver altar of Zin.
  3041 | D:3      | Found a stormy altar of Qazlal.
  3085 | D:3      | Found a runed translucent door.
  3296 | D:4      | Noticed Eustachio
  3304 | D:4      | Killed Eustachio
  3305 | D:4      | Reached skill level 6 in Unarmed Combat
  3305 | D:4      | Reached XP level 7. HP: 45/45 MP: 7/7
  3359 | D:4      | Found a runed translucent gate.
  3360 | D:4      | Found a runed translucent gate.
  3360 | D:4      | Noticed Xaerxx's ghost (amateur DrMo)
  3361 | D:4      | Found a runed translucent gate.
  3407 | D:4      | Found a staircase to the Ecumenical Temple.
  3441 | D:4      | Found a glowing drain.
  3445 | Sewer    | Entered a sewer
  3655 | Sewer    | Reached skill level 7 in Unarmed Combat
  4057 | D:4      | Found a radiant altar of Vehumet.
  4089 | D:4      | Found a hide-covered altar of Uskayaw.
  4310 | D:4      | Found a runed translucent door.
  4311 | D:4      | Noticed Crazy Yiuf
  4342 | Temple   | Entered the Ecumenical Temple
  4382 | D:5      | Entered Level 5 of the Dungeon
  4392 | D:5      | Identified the +1 hand axe of Liureikiox {heavy, rPois rF+}
  4486 | D:5      | Reached skill level 8 in Unarmed Combat
  4486 | D:5      | Reached XP level 8. HP: 52/52 MP: 8/8
  4632 | D:5      | Found a broken altar of Ashenzari.
  4777 | D:5      | Found a white marble altar of Elyvilon.
  4813 | D:5      | Found Nonoysso's Distillery.
  5417 | D:6      | Noticed Pikel
  5466 | D:6      | Reached skill level 9 in Unarmed Combat
  5633 | D:6      | Noticed a small abomination
  5789 | D:6      | Noticed a rust devil
  5791 | D:6      | Found a transporter.
  5791 | D:6      | Noticed a raiju
  5804 | D:6      | Found a transporter.
  5812 | D:6      | Noticed riffraff's ghost (novice MiBe)
  5878 | D:6      | Killed Pikel
  5879 | D:6      | Reached skill level 10 in Unarmed Combat
  5879 | D:6      | Reached XP level 9. HP: 53/57 MP: 9/9
  6123 | D:6      | Found a one-way gate to the infinite horrors of the Abyss.
  6124 | D:6      | Noticed a brown ugly thing
  6179 | D:6      | Found an opulent altar of Gozag.
  6179 | D:6      | Found a bloodstained altar of Trog.
  6180 | D:6      | Found an iron altar of Okawaru.
  6180 | D:6      | Found a sacrificial altar of Ru.
  6186 | D:6      | Became a worshipper of Gozag Ym Sagoz the Greedy
  6337 | D:6      | Reached skill level 11 in Unarmed Combat
  6491 | D:6      | Found a snail-covered altar of Cheibriados.
  7215 | D:7      | Reached skill level 12 in Unarmed Combat
  7918 | D:8      | You fall into a shaft and drop 3 floors!
  7932 | D:11     | Identified the +3 hand axe of Teurphobb {protect, SInv}
  7995 | D:10     | Entered Level 10 of the Dungeon
  8045 | D:10     | Noticed Joseph
  8097 | D:9      | Reached skill level 13 in Unarmed Combat
  8097 | D:9      | Reached XP level 10. HP: 23/63 MP: 6/10
  8143 | D:9      | HP: 1/63 [centaur/arrow (8)]
  8144 | D:9      | Slain by an orc

Illustrated notes

Levels and vault maps discovered:
D:1:      lightli_arrival_statue_moat, layout_loops_corners, serial_bayou_pond_c
D:2:      layout_loops_corners, basic_altar, uniq_jessica, uniq_natasha
D:3:      layout_loops_ring, nicolae_overflow_hidden_temple,
          gammafunk_temple_overflow_claw, serial_shops, nicolae_shop_stone,
          ebering_ghost_sewer_f, grunt_ministairs_11, grunt_decor_clamped,
          serial_bayou_lagoon_a, uniq_robin
D:4:      layout_basic, marbit_many_paths, nicolae_uskayaw_suspiria,
          minmay_temple_entry_grid, gammafunk_ghost_nasty_kobolds,
          gup_sewer_entry_bowl, kennysheep_generic_room_14, uniq_eustachio,
          uniq_crazy_yiuf_cottage
D:5:      layout_loops_cross, elyvilon_altar_3, mainiacjoe_overflow_alcove_1,
          serial_shops, nicolae_inconvenience_store,
          nicolae_houndstooth_variations
D:6:      layout_basic, minitemple, gammafunk_ghost_abyssal_escape, uniq_pikel
D:7:      layout_loops_ring, minmay_misc_feat_doors, st_stairs_3,
          minmay_fractal_squares_diagonal_5
D:8:      layout_cave_pods, roderic_batcave, grunt_decor_cap, grunt_ministairs_5
D:9:      layout_rooms
D:10:     layout_grid_maze, erik_lair_island, erik_orc_1, uniq_joseph
D:11:     layout_basic
Temple:   nicolae_temple_cloud_nine

Skill      XL: |  1  2  3  4  5  6  7  8  9 |
---------------+----------------------------+-----
Unarmed Combat | 1 2 3 4 5 6 8 10 13 | 13.1
Fighting       | 2 3 |  3.9
Dodging        | |  2.3
Stealth        | |  1.3
Evocations     | |  3.2

Action                     |  1- 3 |  4- 6 |  7- 9 | 10-12 || total
---------------------------+-------+-------+-------+-------++-------
  Melee: Unarmed           |    55 |   129 |   231 |    11 ||   426
         Constrict         |    11 |    25 |    58 |     5 ||    99
         Tentacles         |    12 |    17 |    67 |     1 ||    97
         Punch             |     5 |     3 |     9 |     2 ||    19
  Evoke: Wand              |       |     4 |    30 |     3 ||    37
    Use: Scroll            |       |       |     9 |       ||     9
   Stab: Sleeping          |    11 |     6 |    15 |       ||    32
         Distracted        |       |       |     1 |       ||     1
 Armour: Skin              |    17 |    55 |    77 |     8 ||   157
  Dodge: Dodged            |    18 |    58 |   127 |     5 ||   208
